 Dungeon Crawl Stone Soup version 0.29.1-1-gd02db6906a (webtiles) character file.

Game seed: 7778056534561984603

319 MeatBomb the Shield-Bearer (level 6, -3/62 HPs)
             Began as a Troll Fighter on Sept 20, 2022.
             Was an Initiate of Wu Jian.
             Slain by Duvessa
             ... wielding a +0 short sword
              (14 damage)
             ... on level 4 of the Dungeon.
             The game lasted 00:18:25 (3137 turns).

MeatBomb the Shield-Bearer (Troll Fighter)          Turns: 3137, Time: 00:18:25

Health: -3/62      AC:  9    Str: 25    XL:     6   Next: 21%
Magic:  14/14      EV:  8    Int:  6    God:    Wu Jian [......]
Gold:   222        SH:  8    Dex:  9    Spells: 5/5 levels left

rFire   . . .      SeeInvis .     - Unarmed
rCold   . . .      Faith    .   b - +0 kite shield
rNeg    . . .      Spirit   .   a - +0 robe
rPois   .          Reflect  .   (helmet restricted)
rElec   .          Harm     .   i - +0 cloak
rCorr   .          Rampage  .   (gloves unavailable)
Will    .....                   (boots unavailable)
Stlth   +.........              (no amulet)
HPRegen 1.00/turn               q - ring of magical power
MPRegen 0.14/turn               t - +4 ring of protection

@: mighty
A: large, unfitting armour, claws 3, regeneration 1, shaggy fur 1, tough skin 1
a: Renounce Religion


You were on level 4 of the Dungeon.
You worshipped Wu Jian.
Wu Jian was noncommittal.
You visited 2 branches of the dungeon, and saw 5 of its levels.

You collected 222 gold pieces.

Inventory:

Missiles
 e - 9 poisoned darts
 f - 13 stones
 s - 3 boomerangs of dispersal (quivered)
Armour
 a - a +0 robe (worn)
 b - a +0 kite shield (worn)
 i - a +0 cloak (worn)
Jewellery
 q - a ring of magical power (left claw)
 t - a +4 ring of protection (right claw)
Wands
 p - a wand of flame (25)
Scrolls
 g - 3 scrolls of identify
 k - 2 scrolls of magic mapping
 m - a scroll of immolation
 r - a scroll of poison
Potions
 c - a potion of might
 d - 5 potions of curing
 h - a potion of brilliance {unknown}
 j - 3 potions of ambrosia {unknown}
 l - a potion of flight {unknown}
 n - a potion of attraction {unknown}
 o - a potion of magic {unknown}
 u - a potion of haste {unknown}


   Skills:
 + Level 3.8 Fighting
 - Level 2.4 Dodging
 + Level 4.2 Shields
 + Level 4.1 Unarmed Combat


You had 5 spell levels left.
You didn't know any spells.
Your spell library contained the following spells:

 Spells                   Type           Power      Damage    Failure   Level
 Apportation              Tloc           0%         N/A       75%         1
 Beastly Appendage        Tmut           0%         N/A       75%         1
 Magic Dart               Conj           0%         1d3       75%         1
 Necrotise                Necr           0%         1d4       75%         1
 Summon Small Mammal      Summ           0%         N/A       75%         1
 Call Imp                 Summ           0%         N/A       86%         2
 Ensorcelled Hibernation  Hex/Ice        0%         N/A       86%         2
 Wereblood                Tmut           0%         N/A       86%         2
 Mephitic Cloud           Conj/Pois/Air  0%         N/A       98%         3
 Spider Form              Tmut/Pois      0%         N/A       98%         3
 Fulminant Prism          Conj/Hex       0%         3d6       100%        4
 Metabolic Englaciation   Hex/Ice        0%         N/A       100%        5


Dungeon Overview and Level Annotations

Branches:
Dungeon (4/15)             Temple (1/1) D:4

Altars:
Ashenzari
Elyvilon
Fedhas
Gozag
Hepliaklqana
Kikubaaqudgha
Qazlal
Trog
Vehumet
Wu Jian
Xom
The Shining One

Annotations:
D:4 Duvessa


Innate Abilities, Weirdness & Mutations

You are too large for most types of armour.
You have claws for hands.
Your natural rate of healing is unusually fast.
You are covered in fur. (AC +1)
You have tough skin. (AC +1)


Message History

Duvessa barely misses you. You block Duvessa's attack.
You closely miss Duvessa.
Duvessa is moderately wounded.
You block Duvessa's attack.
You claw Duvessa!
Duvessa is heavily wounded.
Duvessa hits you with a +0 short sword. You block Dowan's attack.
Duvessa closely misses you.
You barely miss Dowan.
Dowan is moderately wounded.
Duvessa hits you with a +0 short sword. Dowan hits you but does no damage.
You barely miss Dowan.
Dowan is moderately wounded.
You block Duvessa's attack.
Dowan points at you and mumbles some strange words.
The puff of frost hits you. Duvessa hits you but does no damage.
You mangle Dowan!!
You kill Dowan!
The Council accepts your kill.
Duvessa screams, "No!
How DARE you!"
Duvessa goes berserk!
Duvessa hits you with a +0 short sword!
Your Unarmed Combat skill increases to level 4!
You completely miss Duvessa.
Duvessa is heavily wounded.
Duvessa barely misses you. You block Duvessa's attack.
You scratch Duvessa.
Duvessa is heavily wounded.
Duvessa hits you with a +0 short sword.
You claw Duvessa!
Duvessa is severely wounded.
Duvessa hits you with a +0 short sword. Duvessa hits you with a +0 short sword!
* * * LOW HITPOINT WARNING * * *
You claw Duvessa!
Duvessa is almost dead.
You block Duvessa's attack. Duvessa hits you with a +0 short sword.
* * * LOW HITPOINT WARNING * * *
You barely miss Duvessa.
Duvessa is almost dead.
Duvessa hits you with a +0 short sword!
You die...

#######..####...##..#
#..'....<.....#
#..####....##.# #.##
##.#.##.# ###
#.#.##.# #......#
###.#### #)# #@#
####.#####e#
#..........#
..##.#######


You could see Duvessa (berserk, fast).

Vanquished Creatures
  A scorpion (D:4)
  Dowan (D:4)
  An orc priest (D:3)
  An iguana (D:4)
  7 adders
  An ufetubus (D:4)
  2 worms (D:2)
  3 dart slugs
  6 orcs
  7 endoplasms
  3 giant cockroaches
  7 goblins
  8 hobgoblins
  6 jackals
  A quokka (D:2)
  4 ball pythons
  2 bats
  A frilled lizard (D:1)
  5 kobolds
  4 rats
71 creatures vanquished.

Vanquished Creatures (others)
  A plant (D:4)
1 creature vanquished.

Grand Total: 72 creatures vanquished

Notes
Turn   | Place    | Note
-------+----------+-------------------------------------------
     0 | D:1      | MeatBomb the Troll Fighter began the quest for the Orb.
     0 | D:1      | Reached XP level 1. HP: 22/22 MP: 0/0
   181 | D:1      | Got the Handbook of the Combative Blizzard
   370 | D:1      | Found a faded altar of an unknown god.
   470 | D:1      | Reached XP level 2. HP: 29/29 MP: 1/1
   815 | D:2      | Reached XP level 3. HP: 34/36 MP: 2/2
  1495 | D:3      | Reached XP level 4. HP: 42/45 MP: 3/3
  1848 | D:3      | Reached XP level 5. HP: 53/53 MP: 4/4
  1861 | D:3      | Found an ancient bone altar of Kikubaaqudgha.
  2253 | D:4      | Found a hazy altar of Hepliaklqana.
  2681 | D:4      | Reached XP level 6. HP: 61/62 MP: 5/5
  2973 | D:4      | Found a staircase to the Ecumenical Temple.
  2981 | Temple   | Entered the Ecumenical Temple
  3001 | Temple   | Became a worshipper of the Wu Jian Council
  3100 | D:4      | Noticed Dowan
  3116 | D:4      | Noticed Duvessa
  3132 | D:4      | Killed Dowan
  3137 | D:4      | Slain by Duvessa

Illustrated notes

Levels and vault maps discovered:
D:1:      lemuel_arrival_hallway, layout_loops_ring,
          dilly_ecumenical_altar_fadedgnrine
D:2:      layout_rooms, mrwooster_statue_mirror
D:3:      layout_basic, kiku_gazebo_garden_becter, nrook_mini_backslash
D:4:      wad_crossroads, layout_loops_corners, mainiacjoe_overflow_alcove_4,
          nicolae_hepliaklqana_hazy_memory, uniq_duvessa
Temple:   hellmonk_temple_rainy

Skill      XL: |  1  2  3  4  5  6 |
---------------+-------------------+-----
Shields        | 3 4 |  4.2
Fighting       | 3 |  3.8
Unarmed Combat | 3 4 |  4.1
Dodging        | |  2.4

Action                   |  1- 3 |  4- 6 || total
-------------------------+-------+-------++-------
Melee: Unarmed           |    94 |   108 ||   202
Throw: Stone             |     8 |     2 ||    10
  Use: Scroll            |     4 |     1 ||     5
       Potion            |       |     1 ||     1
 Stab: Distracted        |     1 |       ||     1
       Sleeping          |       |     2 ||     2
Armor: Robe              |    24 |    24 ||    48
Dodge: Dodged            |    18 |    25 ||    43
Block: Kite shield       |    26 |    31 ||    57
